 Dungeon Crawl Stone Soup version 0.17.0-27-g4a3f43e (console) character file.

240 gw the Twirler (level 6, -2/47 HPs)
             Began as a Formicid Gladiator on Nov 21, 2015.
             Was a Follower of Dithmenos.
             Slain by gw's ghost (11 damage)
             ... on level 4 of the Dungeon.
             The game lasted 00:02:56 (3494 turns).

gw the Twirler (Formicid Gladiator)                 Turns: 3494, Time: 00:02:56

Health: -2/47      AC: 10    Str: 19    XL:     6   Next: 29%
Magic:  7/7        EV: 14    Int:  8    God:    Dithmenos [*.....]
Gold:   124        SH:  0    Dex: 13    Spells: 0 memorised, 5 levels left

rFire  . . .     SeeInvis +     a - +0 quarterstaff
rCold  . . .     Clarity  .     h - +0 pearl dragon armour
rNeg   + + .     SustAt   .     (no shield)
rPois  .         Gourm    .     (helmet unavailable)
rElec  .         Spirit   .     (no cloak)
rCorr  .         Warding  .     (no gloves)
rMut   +         Stasis   +     (no boots)
MR     .....                    m - amulet of resist mutation
Stlth  +.........               r - ring of positive energy
                                l - +4 ring of evasion

@: wreathed by umbra, not resistant to hostile enchantments, very unstealthy
A: permanent stasis, dig shafts and tunnels, four strong arms, antennae 3
a: Dig, Shaft Self, Renounce Religion


You were on level 4 of the Dungeon.
You worshipped Dithmenos.
Dithmenos was aware of your devotion.
You were very hungry.

You visited 1 branch of the dungeon, and saw 4 of its levels.

You collected 124 gold pieces.

Inventory:

Hand Weapons
 a - a +0 quarterstaff (weapon)
Missiles
 c - 3 throwing nets
 i - 51 stones (quivered)
 k - 21 poisoned needles
Armour
 h - a +0 pearl dragon armour (worn)
Jewellery
 l - a +4 ring of evasion (left hand)
 m - an amulet of resist mutation (around neck)
 r - a ring of positive energy (right hand)
Wands
 t - a wand of enslavement (0)
Scrolls
 b - 4 scrolls of remove curse
 f - 2 scrolls of identify
Potions
 e - a potion of magic {unknown}
Comestibles
 d - a bread ration
 g - a beef jerky
 j - 2 slices of pizza
 q - a meat ration


   Skills:
 + Level 3.2 Fighting
 * Level 4.4 Staves
 + Level 2.3 Throwing
 + Level 1.8 Armour
 - Level 2.6 Dodging
 * Level 3.1 Stealth
 + Level 1.4 Invocations


You had 5 spell levels left.
You didn't know any spells.

Dungeon Overview and Level Annotations

Branches:
Dungeon (4/15)
 Temple: D:4-7

Altars:
Dithmenos
Kikubaaqudgha
Trog
Vehumet
Xom

Annotations:
D:4 gw's ghost, amateur DDBe


Innate Abilities, Weirdness & Mutations

You are under a permanent stasis effect.
You can dig through walls and to a lower floor.
Your four strong arms can wield two-handed weapons with a shield.
You have a pair of large antennae on your head (SInv).


Message History

FLEEEEING!
Attempting RANGED ATTACK TO (2,0) Throwing (i - inventory):
i - 52 stones (quivered)
Press: ? - help, Shift-Dir - straight line, f/p - gw's ghost
Aim: gw's ghost (moderately damaged)
You throw a stone.
The stone hits gw's ghost but does no damage.
Gw's ghost is moderately damaged.
Gw's ghost closely misses you.
FLEEEEING!
MOVING TO (-1,0) MOVING TO (-1,0) MOVING TO (-1,0)
The orc wizard gestures wildly while chanting.
The orc wizard seems to speed up.
MOVING TO (-2,0) MOVING TO (-1,0) MOVING TO (0,-2) Gw's ghost hits you!
You die...

.## #.#
#####.##### ##
###.#
#.........#
##### #...#
#.###.###.#
....# #.###
#.# #(# #.#
....# #.# #.#
#.###.###.####
.##.# ### #.#
#......o...<..
..#.# #.#
#####.###.##..
....# #.# #.#
###.#
#a#######.#
....#
#.W..o..(.#
###.#
###########
....# ##### #
# { # #


You could see an orc wizard and gw's ghost.

Table legend:
 A = Turns spent in this place as a percentage of turns spent in the entire game.
 B = Non-inter-level travel turns spent in this place as a percentage of non-inter-level travel turns spent in the entire game.
 C = Inter-level travel turns spent in this place as a percentage of turns spent in this place.
 D = Turns resting spent in this place as a percentage of non-inter-level travel turns spent in this place.
 E = Turns spent auto-exploring this place as a percentage of non-inter-level travel turns spent in this place.
 F = Non-inter-level travel turns spent in this place divided by the number of levels of this place that you've seen.
                   A       B       C       D       E      F
               +-------+-------+-------+-------+-------+----------------------
         Total | 100.0 | 100.0 |   0.4 |   0.8 |   2.6 | 1488.8
       Dungeon | 100.0 | 100.0 |   0.4 |   0.8 |   2.6 | 1488.8
               +-------+-------+-------+-------+-------+----------------------

Table legend:
 A = Kills in this place as a percentage of kills in entire the game.
 B = Kills by you in this place as a percentage of kills by you in the entire game.
 C = Kills by friends in this place as a percentage of kills by friends in the entire game.
 D = Other kills in this place as a percentage of other kills in the entire game.
 E = Experience gained in this place as a percentage of experience gained in the entire game.
 F = Experience gained in this place divided by the number of levels of this place that you have seen.
                   A       B       C       D       E      F
               +-------+-------+-------+-------+-------+----------------------
         Total | 100.0 | 100.0 | 100.0 |  -nan | 100.0 |  85.8
       Dungeon | 100.0 | 100.0 | 100.0 |  -nan | 100.0 |  85.8
               +-------+-------+-------+-------+-------+----------------------

Vanquished Creatures
  A sky beast (D:3)
  An orc priest (D:3)
  A gnoll (D:2)
  3 adders
  2 worms (D:2)
  6 orcs
  5 giant cockroaches
  4 goblins
  7 hobgoblins
  7 jackals
  5 kobolds
  A quokka (D:3)
  2 ball pythons
  6 bats
  2 giant geckos
  A giant newt (D:2)
  11 rats
65 creatures vanquished.

Vanquished Creatures (collateral kills)
  An orc (D:4)
1 creature vanquished.

Grand Total: 66 creatures vanquished

Notes
Turn   | Place    | Note
--------------------------------------------------------------
     0 | D:1      | gw the Formicid Gladiator began the quest for the Orb.
     0 | D:1      | Reached XP level 1. HP: 16/16 MP: 1/1
   225 | D:1      | Reached XP level 2. HP: 19/22 MP: 2/2
   940 | D:2      | Reached XP level 3. HP: 26/28 MP: 3/3
  1132 | D:2      | Found a shimmering altar of Xom.
  1140 | D:2      | Found a shadowy altar of Dithmenos.
  1140 | D:2      | Found a radiant altar of Vehumet.
  1141 | D:2      | Found an ancient bone altar of Kikubaaqudgha.
  1141 | D:2      | Found a bloodstained altar of Trog.
  1160 | D:2      | Became a worshipper of Dithmenos the Shadowed
  1428 | D:2      | Reached skill level 1 in Stealth
  1572 | D:2      | Reached skill level 4 in Staves
  1572 | D:2      | Reached XP level 4. HP: 34/34 MP: 4/4
  1714 | D:2      | Found a shimmering altar of Xom.
  2077 | D:3      | Noticed a sky beast
  2141 | D:3      | Killed a sky beast
  2141 | D:3      | Reached skill level 1 in Armour
  2141 | D:3      | Reached skill level 1 in Invocations
  2141 | D:3      | Reached XP level 5. HP: 35/40 MP: 4/6
  2460 | D:3      | Reached * piety under Dithmenos
  2467 | D:3      | Reached XP level 6. HP: 45/47 MP: 7/7
  3419 | D:4      | Noticed gw's ghost (amateur DDBe)
  3494 | D:4      | Slain by gw's ghost

Action                   |  1- 3 |  4- 6 || total
-------------------------+-------+-------++-------
Melee: Quarterstaff      |   122 |   122 ||   244
Throw: Stone             |    49 |    31 ||    80
Evoke: Wand              |       |     4 ||     4
  Use: Potion            |     2 |     4 ||     6
       Scroll            |     1 |     5 ||     6
  Eat: Chunk             |     2 |     5 ||     7

Vault maps used:
D:1:      minmay_arrival_four_houses
D:2:      grunt_temple_overflow_open, tgw_xom
D:4:      minmay_temple_entry_fiery, serial_shops, shop_statue
